 Seeded DCSS version 0.29.1-13-g9f3cf754e1 (webtiles) character file.

Game seed: 16245865983455551772 (custom seed)

4 OTABOTABOTAB the Caller (level 1, 11/11 HPs)
             Began as an Octopode Summoner on Jan 24, 2023.
             Quit the game on level 1 of the Dungeon.
             The game lasted 00:01:01 (390 turns).

OTABOTABOTAB the Caller (Octopode Summoner)          Turns: 390, Time: 00:01:02

Health: 11/11      AC:  1    Str:  7    XL:     1   Next: 60%
Magic:  3/3        EV: 13    Int: 17    God:
Gold:   842        SH:  0    Dex: 12    Spells: 3/4 levels left

rFire   . . .      SeeInvis .   a - +0 sling
rCold   . . .      Faith    .   (no shield)
rNeg    . . .      Spirit   .   (helmet restricted)
rPois   .          Reflect  .   (no amulet)
rElec   .          Harm     .   (no ring)
rCorr   .          Rampage  .   (no ring)
Will    .....                   (no ring)
Stlth   +++.......              (no ring)
HPRegen 0.03/turn               (no ring)
MPRegen 0.08/turn               (no ring)
                                (no ring)
                                (no ring)

@: no status effects
A: almost no armour, amphibious, 8 rings, camouflage 1, gelatinous body 1,
(nimble swimmer 1), tentacles
a: no special abilities


You were on level 1 of the Dungeon.
You visited 1 branch of the dungeon, and saw 1 of its levels.

You collected 842 gold pieces.

Inventory:

Hand Weapons
 a - a +0 sling (weapon)
   (You found it on level 1 of the Dungeon)
Jewellery
 c - the ring "Nuss" {rElec rC+ Str+3 Slay+3 SInv}
   (You acquired it on level 1 of the Dungeon)

   [ring of protection from cold]

   Str:       It affects your strength (+3).
   Slay:      It affects your accuracy & damage with ranged weapons and melee
   (+3).
   rC:        It protects you from cold.
   rElec:     It insulates you from electricity.
   SInv:      It lets you see invisible.
Scrolls
 b - a scroll of acquirement
Potions
 M - a potion of magic


   Skills:
 - Level 2.0 Dodging
 - Level 2.6 Stealth
 + Level 2.1 Spellcasting
 + Level 4.1 Summonings


You had 3 spell levels left.
You knew the following spells:

 Your Spells              Type           Power      Damage    Failure   Level
a - Summon Small Mammal   Summ           60%        N/A       3%          1

Your spell library contained the following spells:

 Spells                   Type           Power      Damage    Failure   Level
 Call Imp                 Summ           15%        N/A       5%          2
 Call Canine Familiar     Summ           15%        N/A       11%         3
 Summon Guardian Golem    Hex/Summ       8%         N/A       24%         3
 Summon Lightning Spire   Summ/Air       8%         N/A       63%         4


Dungeon Overview and Level Annotations

Branches:
Dungeon (1/15)

Altars:


Innate Abilities, Weirdness & Mutations

You cannot wear most types of armour.
You are amphibious.
You can wear up to eight rings at the same time.
Your skin changes colour to match your surroundings (Stealth+).
Your rubbery body absorbs attacks. (AC +1, EV +1)
((You are camouflaged when in or above water. (Stealth+)))
You have tentacles for arms and can constrict up to eight enemies at once.


Message History

Found a staircase leading out of the dungeon.
a - a +0 sling
a - a +0 sling (weapon)
Found an escape hatch in the floor.
Found an escape hatch in the floor.
You see here a +0 dagger.
A goblin comes into view. It is wielding a +0 dagger.
You shoot a sling bullet. The sling bullet hits the goblin.
A quokka comes into view.
You shoot a sling bullet. The sling bullet hits the quokka.
You shoot a sling bullet. The sling bullet misses the quokka.
The sling bullet hits the goblin.
You kill the goblin!
You shoot a sling bullet.
The sling bullet barely misses the quokka.
The quokka bites you.
You take 5 damage, and have 6/11 hp.
MASSIVE DAMAGE!!
Fire: a) +0 sling
Aim: a quokka (moderately wounded, 38% to hit)
You shoot a sling bullet.
The sling bullet barely misses the quokka.
The quokka barely misses you. The quokka closely misses you.
Fire: a) +0 sling
Aim: a quokka (lightly wounded, 38% to hit)
You shoot a sling bullet.
The sling bullet closely misses the quokka.
The quokka completely misses you.
Fire: a) +0 sling
Aim: a quokka (lightly wounded, 38% to hit)
You shoot a sling bullet.
The sling bullet barely misses the quokka.
The quokka misses you. The quokka closely misses you.
Fire: a) +0 sling
Aim: a quokka (lightly wounded, 38% to hit)
You shoot a sling bullet. The sling bullet misses the quokka.
The quokka completely misses you. The quokka closely misses you.
Fire: a) +0 sling
Aim: a quokka (lightly wounded, 38% to hit)
You shoot a sling bullet.
The sling bullet closely misses the quokka.
The quokka bites you but does no damage.
The quokka misses you.
Fire: a) +0 sling
Aim: a quokka (lightly wounded, 38% to hit)
You shoot a sling bullet.
The sling bullet barely misses the quokka.
The quokka closely misses you.
Fire: a) +0 sling
Aim: a quokka (lightly wounded, 38% to hit)
You shoot a sling bullet.
The sling bullet closely misses the quokka.
The quokka barely misses you. The quokka closely misses you.
The quokka closely misses you.
You now have 2/3 mp.
The quokka bites you.
* * * LOW HITPOINT WARNING * * *
You take 4 damage, and have 2/11 hp.
MASSIVE DAMAGE!!
You now have 1/3 mp.
You swap places.
The quokka bites your quokka.
Your quokka bites the quokka.
The quokka closely misses your quokka.
Your quokka bites the quokka.
The quokka dies!
You start resting.
Your quokka disappears in a puff of smoke! x2
Unknown command.
Health restored: 11; MP restored: 3 An endoplasm comes into view.
You miscast Summon Small Mammal.
You are very lightly contaminated with residual magic.
Nothing appears to happen.
You now have 2/3 mp.
You now have 1/3 mp.
You now have 0/3 mp.
What are your orders? t - Shout!
Orders for allies: a - Attack new target. r - Retreat! s - Stop attacking. g - Guard the area. f - Follow me.
Anything else - Cancel.
Gang up on whom?
Aim: an endoplasm (asleep, ally target) Attack!
Your magical contamination has completely faded away.
The endoplasm quivers.
Your rat bites the endoplasm.
The endoplasm hits your quokka but does no damage.
Your quokka bites the endoplasm.
Your rat bites the endoplasm.
The endoplasm hits your quokka.
Your quokka bites the endoplasm.
The endoplasm dies!
Your rat disappears in a puff of smoke!
Your quokka disappears in a puff of smoke!
b - 3 scrolls labelled WAC GOIFOFITOUPLEC MP restored: 3 This is a scroll of acquirement!
Something appears before you!
c - the ring "Nuss" {rElec rC+ Str+3 Slay+3 SInv} Something appears before you!
You now have 842 gold pieces.

# .# #.#
######..###
#.@........
.......#..#.....
#.##...#..# ...
#...###.## #
#... #..# ...#
#..# ##.## ....
#..#.. #..#
....#
#.##...##.##
....# #....
#..#.....#


There were no monsters in sight!

Vanquished Creatures
  A goblin (D:1)
1 creature vanquished.

Vanquished Creatures (collateral kills)
  An endoplasm (D:1)
  A quokka (D:1)
2 creatures vanquished.

Grand Total: 3 creatures vanquished

Notes
Turn   | Place    | Note
-------+----------+-------------------------------------------
     0 | D:1      | OTABOTABOTAB the Octopode Summoner began the quest for the
                  | Orb.
     0 | D:1      | Reached XP level 1. HP: 11/11 MP: 3/3
    40 | D:1      | HP: 2/11 [quokka (4)]
   386 | D:1      | Identified 3 scrolls of acquirement
   386 | D:1      | Acquired the ring "Nuss" {rElec rC+ Str+3 Slay+3 SInv}
   388 | D:1      | Acquired 842 gold pieces
   390 | D:1      | Quit the game

Illustrated notes

Levels and vault maps discovered:
D:1:      minmay_arrival_hallway, layout_loops_corners, basic_ecumenical_altar,
          minmay_unequal

Action                   || total
-------------------------++-------
 Fire: Sling             ||    11
 Cast: Summon Small Mamm ||     4
  Use: Scroll            ||     2
Armor: Skin              ||     1
Dodge: Dodged            ||    12

Table legend: (Time is in decaauts)
 A = Elapsed time spent in this place.
 B = Non-inter-level travel time spent in this place.
 C = Inter-level travel time spent in this place.
 D = Time resting spent in this place.
 E = Time spent auto-exploring this place.
 F = Levels seen in this place.
 G = Mean time per level.
                   A        B        C        D        E       F      G
               +--------+--------+--------+--------+--------+-----+--------+
         Total |    393 |    393 |      0 |    287 |     65 |   1 |  393.0 |
       Dungeon |    393 |    393 |      0 |    287 |     65 |   1 |  393.0 |
               +--------+--------+--------+--------+--------+-----+--------+

Top non-repeatable levels by time:
     D:1: 393 daAuts

Table legend:
 A = Kills in this place as a percentage of kills in entire the game.
 B = Kills by you in this place as a percentage of kills by you in the entire game.
 C = Kills by friends in this place as a percentage of kills by friends in the entire game.
 D = Other kills in this place as a percentage of other kills in the entire game.
 E = Experience gained in this place as a percentage of experience gained in the entire game.
 F = Experience gained in this place divided by the number of levels of this place that you have seen.
                   A       B       C       D       E      F
               +-------+-------+-------+-------+-------+----------------------
         Total | 100.0 | 100.0 | 100.0 |   N/A | 100.0 |   6.0
       Dungeon | 100.0 | 100.0 | 100.0 |   N/A | 100.0 |   6.0
               +-------+-------+-------+-------+-------+----------------------
